 Dungeon Crawl Stone Soup version 0.28-a0-984-g3775c662fe (webtiles) character file.

Game seed: 17563820153195440885

147 karkarkar the Chopper (level 5, -2/47 HPs)
             Began as a Hill Orc Cinder Acolyte on Dec 3, 2021.
             Was an Elder of Ignis.
             Slain by Natasha (3 damage)
             ... on level 2 of the Dungeon.
             The game lasted 00:05:02 (2455 turns).

karkarkar the Chopper (Hill Orc Cinder Acolyte)     Turns: 2455, Time: 00:05:03

Health: -2/47      AC:  7    Str: 19    XL:     5   Next: 29%
Magic:  15/15      EV:  9    Int: 14    God:    Ignis [****..]
Gold:   62         SH:  0    Dex:  6    Spells: 6/6 levels left

rFire   + . .      SeeInvis .   a - -1 hand axe (flame)
rCold   . . .      Faith    .   (no shield)
rNeg    . . .      Spirit   .   c - +0 scale mail
rPois   .          Reflect  .   (no helmet)
rElec   .          Harm     .   (no cloak)
rCorr   .          Rampage  .   (no gloves)
Will    .....                   d - +0 pair of boots
Stlth   ..........              (no amulet)
HPRegen 0.15/turn               e - ring of magical power
MPRegen 0.14/turn               (no ring)

@: slowed, very slow
A: no striking features
a: Renounce Religion, Fiery Armour, Foxfire Swarm, Rising Flame


You were on level 2 of the Dungeon.
You worshipped Ignis.
Ignis was greatly pleased with you.
You visited 1 branch of the dungeon, and saw 2 of its levels.

You collected 62 gold pieces.

Inventory:

Hand Weapons
 a - a -1 hand axe of flaming (weapon)
Armour
 c - a +0 scale mail (worn)
 d - a +0 pair of boots (worn)
Jewellery
 e - a ring of magical power (left hand)
Wands
 h - a wand of charming (8) (quivered)
Scrolls
 f - a scroll of fear {unknown}
 g - a scroll of identify {unknown}
 i - a scroll of teleportation
Potions
 b - 2 potions of attraction {unknown}


   Skills:
 + Level 4.6 Fighting
 + Level 5.5 Axes
 + Level 2.3 Armour
 + Level 0.7 Dodging
 + Level 1.0 Spellcasting
 + Level 3.8 Fire Magic


You had 6 spell levels left.
You didn't know any spells.
Your spell library contained the following spells:

 Spells                   Type           Power      Damage    Failure   Level
 Scorch                   Fire           22%        2d6       26%         2


Dungeon Overview and Level Annotations

Branches:
Dungeon (2/15)

Altars:

Annotations:
D:2 Natasha


Message History

You are too injured to fight recklessly!
You barely miss Natasha.
Natasha is moderately wounded.
You hit the shadow imp. You burn the shadow imp.
You kill the shadow imp!
The shadow imp disappears in a puff of smoke!
Natasha claws you.
You hit Natasha but do no damage.
Natasha is moderately wounded.
Natasha claws you.
You miss Natasha.
Natasha is moderately wounded.
Natasha claws you.
* * * LOW HITPOINT WARNING * * *
You barely miss Natasha.
Natasha is moderately wounded.
Natasha claws you.
* * * LOW HITPOINT WARNING * * *
You barely miss Natasha.
Natasha is moderately wounded.
Natasha barely misses you.
You closely miss Natasha.
Natasha is moderately wounded.
Natasha stares at you and mumbles some strange words.
You feel yourself slow down.
You closely miss Natasha.
Natasha is moderately wounded.
Natasha barely misses you. Natasha casts a spell at you.
The magic dart hits you!
* * * LOW HITPOINT WARNING * * *
You hit Natasha but do no damage.
Natasha is moderately wounded.
Natasha misses you.
You closely miss Natasha.
Natasha is moderately wounded.
Natasha claws you.
* * * LOW HITPOINT WARNING * * *
Natasha claws you.
You die...

..##..........# #............#...
..++..........# #............#...
..............#########......#...
.................# #.............
.................###.............
.............#...#...........<...
....)........#...#...)...........
....)........#..h#...##..........
..##.........#..@#.........##....
.............#.............#.....
.................................
..............#......##..........
................................#
.†.##...#.......................#
....+.........................^..
....#....#####...........###÷)...
....#....# #...................


You could see Natasha.

Vanquished Creatures
  Jessica (D:2)
  Terence (D:2)
  Natasha (D:2)
  An adder (D:2)
  A worm (D:2)
  5 ball pythons
  6 bats
  3 endoplasms
  A giant cockroach (D:2)
  6 hobgoblins
  2 quokkas (D:1)
  7 goblins
  13 kobolds
  6 rats
54 creatures vanquished.

Vanquished Creatures (collateral kills)
  A kobold (D:2)
1 creature vanquished.

Vanquished Creatures (others)
  34 foxfires (D:2)
34 creatures vanquished.

Grand Total: 89 creatures vanquished

Notes
Turn   | Place    | Note
-------+----------+-------------------------------------------
     0 | D:1      | karkarkar the Hill Orc Cinder Acolyte began the quest for
                  | the Orb.
     0 | D:1      | Reached XP level 1. HP: 19/19 MP: 2/2
   233 | D:1      | Reached XP level 2. HP: 27/27 MP: 3/3
   617 | D:1      | Reached XP level 3. HP: 26/31 MP: 4/4
  1143 | D:2      | Noticed Jessica
  1153 | D:2      | Killed Jessica
  1154 | D:2      | Reached skill level 5 in Axes
  1154 | D:2      | Reached skill level 1 in Armour
  1154 | D:2      | Reached XP level 4. HP: 17/40 MP: 5/5
  1556 | D:2      | Found a faded altar of an unknown god.
  2161 | D:2      | Noticed Natasha
  2163 | D:2      | Noticed Terence
  2172 | D:2      | Killed Natasha
  2173 | D:2      | Reached XP level 5. HP: 20/47 MP: 6/6
  2175 | D:2      | Killed Terence
  2437 | D:2      | Noticed Natasha
  2455 | D:2      | HP: 1/47 [Natasha (4)]
  2455 | D:2      | Slain by Natasha

Illustrated notes

Levels and vault maps discovered:
D:1:      scummos_arrival_forest, layout_basic
D:2:      layout_basic, hellmonk_ecumenical_altar_zigzags, uniq_natasha,
          uniq_jessica, uniq_terence

Skill      XL: |  1  2  3  4 |
---------------+-------------+-----
Fighting       | 4 |  4.6
Axes           | 5 |  5.5
Armour         | 1 2 |  2.3
Dodging        | |  0.7
Spellcasting   | |  1.0
Fire Magic     | |  3.8

Action                   |  1- 3 |  4- 6 || total
-------------------------+-------+-------++-------
Melee: Hand axe          |    88 |    78 ||   166
Invok: Foxfire Swarm     |     1 |     1 ||     2
       Fiery Armour      |     1 |       ||     1
Evoke: Wand              |       |     1 ||     1
  Use: Scroll            |     2 |       ||     2
       Potion            |     1 |     1 ||     2
Armor: Scale mail        |    40 |    26 ||    66
       Robe              |     1 |       ||     1
Dodge: Dodged            |    52 |    37 ||    89

Table legend: (Time is in decaauts)
 A = Elapsed time spent in this place.
 B = Non-inter-level travel time spent in this place.
 C = Inter-level travel time spent in this place.
 D = Time resting spent in this place.
 E = Time spent auto-exploring this place.
 F = Levels seen in this place.
 G = Mean time per level.
                   A        B        C        D        E       F      G
               +--------+--------+--------+--------+--------+-----+--------+
         Total |   2472 |   2382 |     90 |    254 |   1664 |   2 | 1236.0 |
       Dungeon |   2472 |   2382 |     90 |    254 |   1664 |   2 | 1236.0 |
               +--------+--------+--------+--------+--------+-----+--------+

Top non-repeatable levels by time:
     D:2: 1267 daAuts
     D:1: 1205 daAuts
